 Dungeon Crawl Stone Soup version 0.18.1-50-g88ac8fd (webtiles) character file.

1436 JeffiDaFish the Shield-Bearer (level 8, -5/76 HPs)
             Began as a Gargoyle Fighter on May 6, 2017.
             Slain by a four-headed hydra (7 damage)
             ... on level 6 of the Dungeon.
             The game lasted 00:10:14 (4823 turns).

JeffiDaFish the Shield-Bearer (Gargoyle Fighter)    Turns: 4823, Time: 00:10:14

Health: -5/76      AC: 19    Str: 29    XL:     8   Next: 73%
Magic:  8/8        EV:  8    Int:  8    God:
Gold:   421        SH: 11    Dex: 11    Spells: 0 memorised, 7 levels left

rFire  . . .     SeeInvis .     k - +5 whip
rCold  + . .     Gourm    +     j - +0 chain mail
rNeg   + . .     Faith    .     c - +0 shield
rPois  ∞         Spirit   .     d - +0 helmet
rElec  +         Dismiss  .     m - +0 cloak
rCorr  .         Reflect  .     (no gloves)
SustAt .         Harm     .     n - +0 pair of boots
MR     .....                    i - amulet of the gourmand
Stlth  ..........               (no ring)
                                e - +3 ring of strength

@: berserking, very quick, not resistant to hostile enchantments, extremely
unstealthy
A: cold resistance 1, deterioration 1, negative energy resistance 1, screaming
1, electricity resistance, unbreathing, petrification resistance, rot immunity,
AC +5
a: no special abilities


You were on level 6 of the Dungeon.
You were completely stuffed.

You visited 1 branch of the dungeon, and saw 6 of its levels.

You collected 421 gold pieces.

Inventory:

Hand Weapons
 k - a +5 whip (weapon)
Armour
 c - a +0 shield (worn)
 d - a +0 helmet (worn)
 j - a +0 chain mail (worn)
 m - a +0 cloak (worn)
 n - a +0 pair of boots (worn)
Jewellery
 e - a +3 ring of strength (left hand)
 i - an amulet of the gourmand (around neck)
Wands
 b - a wand of flame (35/48)
Scrolls
 p - 7 scrolls of remove curse
 t - 3 scrolls of identify
 x - 3 scrolls of fear
Potions
 g - 2 potions of curing
 l - a potion of might
 o - a potion of berserk rage
 q - a potion of haste
 v - a potion of cancellation
Comestibles
 a - 4 meat rations
 f - 8 bread rations
 h - a royal jelly
 r - 3 fruits
 s - 3 chunks of flesh
 w - a beef jerky
 z - a slice of pizza


   Skills:
 + Level 5.7 Fighting
 + Level 4.8 Maces & Flails
 + Level 6.0 Armour
 + Level 2.5 Dodging
 + Level 7.5 Shields


You had 7 spell levels left.
You didn't know any spells.

Dungeon Overview and Level Annotations

Branches:
Dungeon (6/15)             Temple (0/1) D:6

Altars:
Makhleb
Trog


Innate Abilities, Weirdness & Mutations

You are resistant to torment.
Your stone body is resilient (AC +5).
You are immune to poison.
You resist negative energy.
You are resistant to electric shocks.
You can survive without breathing.
You are immune to petrification.
You are immune to rotting.
Your flesh is cold resistant.
Your body sometimes deteriorates upon taking damage.
You occasionally shout uncontrollably at your foes.


Message History

You barely miss the four-headed hydra.
The four-headed hydra is severely wounded.
The four-headed hydra bites you!
* * * LOW HITPOINT WARNING * * *
The four-headed hydra bites you.
* * * LOW HITPOINT WARNING * * *
The four-headed hydra bites you but does no damage.
You block the four-headed hydra's attack.
You barely miss the four-headed hydra.
The four-headed hydra is severely wounded.
You block the four-headed hydra's attack. x2
The four-headed hydra bites you but does no damage.
The four-headed hydra bites you!
* * * LOW HITPOINT WARNING * * *
You whack the four-headed hydra!
The four-headed hydra is almost dead.
You whack the four-headed hydra!
The four-headed hydra is almost dead.
The four-headed hydra bites you!
You die...

################
#...............#
#..#..#..#..#...#
#...)...[.......#
#>....?.D@..)...#
#...............#
#..#..#..#..#...#
#...............#
##############.#
#.# #.# #.# #.#


You could see a four-headed hydra.

Vanquished Creatures
  2 ice beasts (D:6)
  A sky beast (D:6)
  2 ogres
  2 centaurs (D:6)
  A scorpion (D:4)
  A crimson imp (D:2)
  2 giant frog zombies
  A centaur zombie (D:5)
  A giant frog skeleton (D:5)
  2 jellies (D:6)
  Crazy Yiuf (D:2)
  An orc priest (D:5)
  An orc wizard (D:6)
  A centaur skeleton (D:2)
  Jessica (D:3)
  An iguana (D:5)
  Terence (D:2)
  2 worker ants
  A killer bee zombie (D:4)
  Robin (D:2)
  4 gnolls
  A howler monkey skeleton (D:6)
  8 adders
  A shadow imp (D:5)
  2 worms (D:2)
  2 dart slugs (D:3)
  2 giant geckos
  11 orcs
  7 bats
  2 giant cockroaches
  22 goblins
  15 hobgoblins
  4 jackals (D:1)
  8 kobolds
  3 quokkas
  A giant gecko skeleton (D:5)
  2 giant newts
  A quokka zombie (D:5)
  7 rats
129 creatures vanquished.

Vanquished Creatures (collateral kills)
  A scorpion (D:6)
1 creature vanquished.

Grand Total: 130 creatures vanquished

Notes
Turn   | Place    | Note
--------------------------------------------------------------
     0 | D:1      | JeffiDaFish the Gargoyle Fighter began the quest for the Orb.
     0 | D:1      | Reached XP level 1. HP: 14/14 MP: 1/1
    82 | D:1      | Reached XP level 2. HP: 19/19 MP: 2/2
   576 | D:2      | Reached XP level 3. HP: 23/23 MP: 3/3
   579 | D:2      | Found a burning altar of Makhleb.
   584 | D:2      | Reached XP level 4. HP: 29/29 MP: 4/4
   701 | D:2      | Noticed Robin
   719 | D:2      | Reached skill level 4 in Shields
   778 | D:2      | Killed Robin
  1085 | D:2      | Reached XP level 5. HP: 30/33 MP: 5/5
  1119 | D:2      | Found a faded altar to an unknown god.
  1251 | D:2      | Noticed Terence
  1266 | D:2      | Killed Terence
  1304 | D:2      | Reached skill level 1 in Dodging
  1636 | D:2      | Noticed Crazy Yiuf
  1671 | D:2      | Killed Crazy Yiuf
  1812 | D:3      | Reached XP level 6. HP: 38/38 MP: 6/6
  1849 | D:3      | Noticed Jessica
  1857 | D:3      | Killed Jessica
  2206 | D:3      | Reached skill level 5 in Shields
  2318 | D:3      | Gained mutation: You occasionally shout uncontrollably at your foes. [potion of mutation]
  2318 | D:3      | Gained mutation: Your body sometimes deteriorates upon taking damage. [potion of mutation]
  2318 | D:3      | Gained mutation: Your flesh is cold resistant. [potion of mutation]
  2576 | D:4      | Got a pitted whip
  2577 | D:4      | Identified the +6 whip "Hydraslayer" {freeze, rF++ Str-2 Int+3} (You found it on level 4 of the Dungeon)
  3120 | D:5      | Entered Level 5 of the Dungeon
  3144 | D:5      | Reached XP level 7. HP: 44/44 MP: 7/7
  3325 | D:5      | Reached skill level 6 in Shields
  3354 | D:5      | Reached skill level 5 in Armour
  3994 | D:6      | Reached skill level 5 in Fighting
  4016 | D:6      | Reached XP level 8. HP: 49/49 MP: 8/8
  4101 | D:6      | Reached skill level 7 in Shields
  4548 | D:6      | Found a bloodstained altar of Trog.
  4794 | D:6      | Found a staircase to the Ecumenical Temple.
  4794 | D:6      | Noticed a four-headed hydra
  4804 | D:6      | HP: 2/51 [four-headed hydra (8)]
  4821 | D:6      | HP: 2/76 [four-headed hydra (7)]
  4823 | D:6      | Slain by a four-headed hydra

Skill      XL: |  1  2  3  4  5  6  7  8 |
---------------+-------------------------+-----
Armour         | 4 5 6 |  6.0
Shields        | 4 5 6 7 |  7.5
Fighting       | 4 5 |  5.7
Dodging        | 1 2 |  2.5
Maces & Flails | 3 4 |  4.8

Action                   |  1- 3 |  4- 6 |  7- 9 || total
-------------------------+-------+-------+-------++-------
Melee: Flail             |    45 |   227 |       ||   272
       Whip              |       |    96 |   236 ||   332
  Use: Scroll            |     3 |     8 |     2 ||    13
       Potion            |     1 |     8 |     7 ||    16
  Eat: Chunk             |       |    20 |     7 ||    27
Armor: Scale mail        |    22 |    47 |       ||    69
       Chain mail        |       |   173 |   114 ||   287
Dodge: Dodged            |    11 |   102 |    59 ||   172
Block: Shield            |    15 |   198 |   142 ||   355
